 Dungeon Crawl Stone Soup version 0.19.1-1-g22dce08 (webtiles) character file.

71730 Nakatomy the Thaumaturge (level 14, -1/79 (80) HPs)
             Began as a Deep Elf Conjurer on Dec 29, 2016.
             Was a High Priest of Vehumet.
             Slain by an azure jelly (24 damage)
             ... on level 6 of the Lair of Beasts on Dec 30, 2016.
             The game lasted 02:00:26 (24042 turns).

Nakatomy the Thaumaturge (Deep Elf Conjurer)       Turns: 24042, Time: 02:00:26

HP:   -1/79 (80)    AC: 15    Str:  6    XL:     14   Next: 98%
MP:   30/43         EV: 16    Int: 30    God:    Vehumet [*****.]
Gold: 1115          SH:  0    Dex: 18    Spells: 11 memorised, 3 levels left

rFire  . . .     SeeInvis +     C - +2 trident of Irrepressible Laughter {venom, rPois Dex+3 Stlth+}
rCold  . . .     Gourm    .     S - +3 ring mail "Qoixeize" {SInv}
rNeg   . . .     Faith    .     (no shield)
rPois  +         Spirit   .     k - +1 helmet {Int+3}
rElec  .         Reflect  .     V - +0 cloak
rCorr  .         Harm     .     W - +0 pair of gloves (curse)
MR     +....                    D - +2 pair of boots
Stlth  +++.......               B - amulet of magic regeneration
                                T - +2 ring of intelligence
                                y - ring of magical power

@: repel missiles
A: no device heal 2
a: Renounce Religion


You were on level 6 of the Lair of Beasts.
You worshipped Vehumet.
Vehumet was extremely pleased with you.
You were not hungry.

You visited 3 branches of the dungeon, and saw 18 of its levels.
You also visited: Ossuary.

You collected 1115 gold pieces.

Inventory:

Hand Weapons
 C - the +2 trident of Irrepressible Laughter (weapon) {venom, rPois Dex+3 Stlth+}
   (You found it on level 4 of the Dungeon)

   It poisons the flesh of those it strikes.
   It affects your dexterity (+3).
   It protects you from poison.
   It makes you more stealthy.
Armour
 k - a +1 helmet of intelligence (worn)
 x - a +0 pair of gloves
 D - a +2 pair of boots (worn)
 M - a +0 troll leather armour
 S - the +3 ring mail "Qoixeize" (worn) {SInv}
   (You found it on level 1 of the Lair of Beasts)

   It lets you see invisible.
 V - a +0 cloak (worn)
 W - a cursed +0 pair of gloves (worn)
 Y - a +1 robe of cold resistance
Jewellery
 q - an uncursed ring of wizardry
 y - a ring of magical power (left hand)
 B - an amulet of magic regeneration (around neck)
 T - a +2 ring of intelligence (right hand)
 X - an uncursed ring of ice
Wands
 L - a wand of iceblast (7/15)
 N - a wand of paralysis (8/24)
 P - a wand of disintegration (5/24)
 Q - a wand of iceblast (8/15)
Scrolls
 e - a scroll of blinking
 i - 8 scrolls of teleportation
 m - 6 scrolls of amnesia
 o - 4 scrolls of fear
 p - 2 scrolls of fog
 s - 3 scrolls of enchant armour
 t - 6 scrolls of remove curse
 A - 3 scrolls of recharging
 G - 6 scrolls of magic mapping
Potions
 d - 14 potions of curing
 f - 3 potions of flight
 g - 2 potions of might
 h - 5 potions of heal wounds
 j - 2 potions of agility
 l - a potion of invisibility
 n - 2 potions of cure mutation
 r - 2 potions of magic
 u - 3 potions of lignification
 z - 3 potions of haste
 E - 4 potions of brilliance
 K - a potion of resistance
 U - a potion of ambrosia {unknown}
Books
 a - a book of Geomancy

   Spells                             Type                      Level
   a - Sandblast                      Earth                        1
   b - Passwall                       Transmutation/Earth          2
   c - Stone Arrow                    Conjuration/Earth            3
   d - Petrify                        Transmutation/Earth          4
   e - Lee's Rapid Deconstruction     Earth                        5
 b - a book of Conjurations

   Spells                             Type                      Level
   a - Magic Dart                     Conjuration                  1
   b - Searing Ray                    Conjuration                  2
   c - Dazzling Spray                 Conjuration/Hexes            3
   d - Fulminant Prism                Conjuration/Hexes            4
   e - Iskenderun's Mystic Blast      Conjuration                  4
   f - Iskenderun's Battlesphere      Conjuration/Charms           5
 v - a book of Air

   Spells                             Type                      Level
   a - Shock                          Conjuration/Air              1
   b - Swiftness                      Charms/Air                   2
   c - Repel Missiles                 Charms/Air                   2
   d - Static Discharge               Conjuration/Air              3
   e - Lightning Bolt                 Conjuration/Air              5
 H - a book of Power

   Spells                             Type                      Level
   a - Fulminant Prism                Conjuration/Hexes            4
   b - Iskenderun's Mystic Blast      Conjuration                  4
   c - Venom Bolt                     Conjuration/Poison           5
   d - Bolt of Magma                  Conjuration/Fire/Earth       5
   e - Iron Shot                      Conjuration/Earth            6
   f - Orb of Destruction             Conjuration                  7
   g - Spellforged Servitor           Conjuration/Summoning        7
 I - a book of Maledictions

   Spells                             Type                      Level
   a - Corona                         Hexes                        1
   b - Ensorcelled Hibernation        Hexes/Ice                    2
   c - Confuse                        Hexes                        3
   d - Tukima's Dance                 Hexes                        3
   e - Dazzling Spray                 Conjuration/Hexes            3
 R - a book of Minor Magic

   Spells                             Type                      Level
   a - Magic Dart                     Conjuration                  1
   b - Blink                          Translocation                2
   c - Call Imp                       Summoning                    2
   d - Repel Missiles                 Charms/Air                   2
   e - Slow                           Hexes                        2
   f - Conjure Flame                  Conjuration/Fire             3
   g - Mephitic Cloud                 Conjuration/Poison/Air       3
Comestibles
 c - 8 bread rations
 w - a slice of pizza
 J - 24 royal jellies
 O - 5 meat rations


   Skills:
 - Level 6.4 Fighting
 + Level 11.6 Dodging
 - Level 2.4 Stealth
 + Level 14.5 Spellcasting
 + Level 13.5 Conjurations
 - Level 10.4 Charms
 - Level 10.6 Fire Magic
 - Level 11.0 Poison Magic


You had 3 spell levels left.
You knew the following spells:

 Your Spells              Type           Power        Failure   Level  Hunger
a - Magic Dart            Conj           ####         1%          1    None
b - Searing Ray           Conj           ######       1%          2    None
c - Iskenderun's Battles  Conj/Chrm      #######.     1%          5    None
d - Fireball              Conj/Fire      #######...   1%          5    None
e - Olgreb's Toxic Radia  Pois           ######..     1%          4    None
f - Fulminant Prism       Conj/Hex       ######....   2%          4    None
g - Throw Flame           Conj/Fire      ######       1%          2    None
h - Repel Missiles        Chrm/Air       ######       1%          2    None
i - Swiftness             Chrm/Air       ######..     1%          2    None
j - Bolt of Magma         Conj/Fire/Erth ######....   3%          5    None
k - Orb of Destruction    Conj           #######...   9%          7    #####..


Dungeon Overview and Level Annotations

Branches:
Dungeon (11/15)            Temple (1/1) D:4            Lair (6/6) D:11
  Swamp (0/4) Lair:2       Spider (0/4) Lair:3        Slime (0/5) Lair:5
    Orc (0/2) D:11

Altars:
Ashenzari
Cheibriados
Dithmenos
Elyvilon
Fedhas
Gozag
Hepliaklqana
Kikubaaqudgha
Makhleb
Nemelex Xobeh
Okawaru
Qazlal
Ru
Sif Muna
Trog
Uskayaw
Vehumet
Xom
Yredelemnul
Zin
The Shining One
Jiyva

Shops:
D:5 (((

Annotations:
D:7 1 exclusion
Lair:2 exclusion: downstairs
Lair:3 exclusion: downstairs


Innate Abilities, Weirdness & Mutations

Potions and wands are poor at restoring your health.


Message History

The barrage of energy hits the azure jelly.
The azure jelly is severely wounded.
The azure jelly hits you but does no damage.
The azure jelly barely misses you. x2; The azure jelly hits you.
The searing ray misses the azure jelly.
You finish channeling your searing ray.
Your battlesphere fires!
The barrage of energy hits the azure jelly.
The azure jelly is almost dead.
The azure jelly hits you but does no damage.
The azure jelly barely misses you.
The azure jelly hits you but does no damage.
The azure jelly hits you!
Casting: Searing Ray
Confirm with . or Enter, or press ? or * to list all spells.
You imbue your battlesphere with additional charge.
The azure jelly hits you. The azure jelly freezes you!!!
The azure jelly hits you.
* * * LOW HITPOINT WARNING * * *
The azure jelly freezes you!!
You die...

#..............###....
##.....#.#.............#
##.#.####..#...........#
#.....# ###.#.......#..#
.#...## #.....).#....#
.....## #........$....
#....P# ####...*......
#.....# #...†.....#
.....## #..@.......
....## #..J........
##### #............
##..#........
.............
..?....)......
......##....... ....(
...##..


You could see an azure jelly and a friendly battlesphere.

Vanquished Creatures
  An azure jelly (Lair:6)
  3 death oozes (Lair:6)
  The ghost of tscho the Grappler, a journeyman TrMo (D:11)
  Fannar (Lair:2)
  2 hydras
  A catoblepas (Lair:2)
  Erica (D:9)
  The ghost of M4edhros the Spear-Bearer, a novice OpCK of Xom (D:9)
  An unseen horror (D:10)
  4 hill giants
  3 oklob plants (Lair:4)
  8 black mambas
  Joseph (D:9)
  A torpor snail (Lair:6)
  A guardian serpent (D:11)
  13 spiny frogs
  A molten gargoyle (Lair:6)
  A rime drake (Lair:3)
  A demonic crawler (Lair:3)
  14 komodo dragons
  The ghost of RedPan the Chiller, a novice DEIE of Vehumet (D:8)
  2 queen bees
  A hornet (D:9)
  2 trolls
  2 polar bears
  2 slime creatures (Lair:6)
  Prince Ribbit (Lair:1)
  12 hippogriffs
  21 blink frogs
  5 basilisks
  19 yaks
  Grum (D:8)
  6 wyverns
  A hungry ghost (D:7)
  4 hell hounds (Lair:6)
  14 water moccasins
  9 porcupines
  A black bear (D:7)
  4 orc warriors
  An eye of draining (D:11)
  A phantom (D:9)
  4 sky beasts
  4 necrophages
  2 ice beasts
  2 swamp drakes
  4 ogres
  20 crocodiles
  14 wolves
  4 centaurs
  3 big kobolds
  A gnoll sergeant (D:6)
  22 bullfrogs
  3 scorpions
  69 killer bees
  4 wights (D:11)
  3 howler monkeys
  2 bullfrog zombies
  6 crimson imps
  2 centaur zombies
  A quasit (D:7)
  10 hounds
  9 jellies
  7 orc priests
  17 orc wizards
  A bullfrog skeleton (D:5)
  8 iguanas
  6 worker ants
  A hound zombie (D:10)
  A mummy (D:6)
  3 hound skeletons
  A howler monkey zombie (D:11)
  A worker ant zombie (D:10)
  4 gnolls (D:6)
  2 howler monkey skeletons
  6 adders
  3 shadow imps
  7 oozes
  An adder zombie (D:9)
  8 worms
  2 dart slugs
  7 leopard geckos
  67 orcs
  6 bats
  3 bat zombies (D:6)
  8 giant cockroaches
  7 goblins
  9 hobgoblins
  16 jackals
  19 kobolds
  3 quokkas
  4 frilled lizards
  4 gnoll skeletons (Ossuary)
  A jackal skeleton (D:7)
  2 kobold skeletons (Ossuary)
  A leopard gecko skeleton (D:4)
  A leopard gecko zombie (D:8)
  3 orc skeletons (Ossuary)
  A quokka skeleton (D:5)
  4 rats
604 creatures vanquished.

Vanquished Creatures (others)
  18 fulminant prisms
  22 fungi
  11 plants
51 creatures vanquished.

Grand Total: 655 creatures vanquished

Notes
Turn   | Place    | Note
-------+----------+-------------------------------------------
     0 | D:1      | Nakatomy the Deep Elf Conjurer began the quest for the Orb.
     0 | D:1      | Reached XP level 1. HP: 10/10 MP: 6/6
   271 | D:1      | Reached XP level 2. HP: 15/15 MP: 3/8
   280 | D:1      | Learned a level 2 spell: Searing Ray
   535 | D:1      | Gained mutation: Potions and wands are less effective at restoring your health. [mutagenic glow]
   566 | D:1      | Gained mutation: Potions and wands are poor at restoring your health. [mutagenic glow]
  1260 | D:2      | Found a bloodstained altar of Trog.
  1296 | D:2      | Reached skill level 4 in Spellcasting
  1299 | D:2      | Reached skill level 5 in Conjurations
  1299 | D:2      | Reached XP level 3. HP: 19/19 MP: 0/10
  1542 | D:2      | Found a stormy altar of Qazlal.
  2473 | D:2      | Reached XP level 4. HP: 24/24 MP: 8/12
  3007 | D:3      | Learned a level 4 spell: Iskenderun's Mystic Blast
  3095 | D:3      | Reached XP level 5. HP: 28/28 MP: 8/14
  3986 | D:4      | Found a staircase to the Ecumenical Temple.
  3998 | Temple   | Entered the Ecumenical Temple
  4003 | Temple   | Reached skill level 5 in Spellcasting
  4393 | Temple   | Became a worshipper of Vehumet
  4638 | D:4      | Reached XP level 6. HP: 32/32 MP: 9/15
  4822 | D:4      | Got a steaming trident
  4823 | D:4      | Identified the cursed +2 trident of Irrepressible Laughter {venom, rPois Dex+3 Stlth+} (You found it on level 4 of the Dungeon)
  5339 | D:4      | Found a shimmering altar of Xom.
  5341 | D:4      | Found an iron altar of Okawaru.
  5341 | D:4      | Found a shattered altar of Ashenzari.
  5343 | D:4      | Found a shimmering altar of Xom.
  5343 | D:4      | Found a radiant altar of Vehumet.
  5343 | D:4      | Found a burning altar of Makhleb.
  5511 | D:5      | Entered Level 5 of the Dungeon
  5658 | D:5      | Found Faommot's Weapon Emporium.
  5920 | D:5      | Found Uhaly's Weapon Boutique.
  5975 | D:5      | Found a sparkling altar of Nemelex Xobeh.
  6098 | D:5      | Found Zatin Nui's Weapon Shop.
  6114 | D:5      | Reached skill level 1 in Fighting
  6319 | D:5      | Reached XP level 7. HP: 38/38 MP: 10/17
  6372 | D:5      | Reached skill level 6 in Spellcasting
  6863 | D:6      | Reached * piety under Vehumet
  6863 | D:6      | Offered knowledge of Freeze by Vehumet.
  7212 | D:6      | Reached XP level 8. HP: 16/45 MP: 4/20
  7351 | D:6      | Reached skill level 7 in Spellcasting
  7364 | D:6      | Found a sand-covered staircase.
  7376 | Ossuary  | Entered an ossuary
  7507 | Ossuary  | Noticed Faustar's ghost (amateur HECj)
  7844 | D:6      | Learned a level 5 spell: Iskenderun's Battlesphere
  7938 | D:6      | Offered knowledge of Throw Flame by Vehumet.
  7938 | D:6      | Reached skill level 1 in Charms
  7942 | D:6      | Learned a level 2 spell: Throw Flame
  7979 | D:6      | Reached ** piety under Vehumet
  8798 | D:6      | Found an ancient bone altar of Kikubaaqudgha.
  9261 | D:7      | Noticed a hill giant
  9270 | D:7      | Killed a hill giant
  9270 | D:7      | Reached skill level 10 in Conjurations
  9270 | D:7      | Reached XP level 9. HP: 51/51 MP: 20/22
  9346 | D:7      | Reached skill level 5 in Charms
  9349 | D:7      | Reached skill level 8 in Spellcasting
  9544 | D:7      | Offered knowledge of Ignite Poison by Vehumet.
  9590 | D:7      | Learned a level 4 spell: Fulminant Prism
  9803 | D:7      | Found a blossoming altar of Fedhas.
  9825 | D:7      | Reached *** piety under Vehumet
 10245 | D:8      | Reached skill level 9 in Spellcasting
 10454 | D:8      | Offered knowledge of Inner Flame by Vehumet.
 10487 | D:8      | Reached XP level 10. HP: 41/57 MP: 18/25
 10491 | D:8      | Noticed RedPan's ghost (novice DEIE)
 10503 | D:8      | Reached skill level 5 in Fighting
 11191 | D:8      | Reached **** piety under Vehumet
 11255 | D:8      | Noticed Grum
 11263 | D:7      | Reached skill level 10 in Charms
 11577 | D:8      | Killed RedPan's ghost
 11652 | D:8      | Offered knowledge of Olgreb's Toxic Radiance by Vehumet.
 11660 | D:8      | Learned a level 4 spell: Olgreb's Toxic Radiance
 11708 | D:8      | Reached skill level 10 in Spellcasting
 11708 | D:8      | Reached skill level 1 in Poison Magic
 12029 | D:8      | Killed Grum
 13124 | D:9      | Noticed Erica
 13129 | D:9      | Killed Erica
 13199 | D:9      | Reached skill level 5 in Poison Magic
 13222 | D:9      | Learned a level 2 spell: Repel Missiles
 13225 | D:9      | Learned a level 2 spell: Swiftness
 13297 | D:9      | Reached skill level 11 in Spellcasting
 13402 | D:9      | Reached XP level 11. HP: 63/63 MP: 28/28
 13425 | D:9      | Noticed M4edhros's ghost (novice OpCK)
 13453 | D:9      | Killed M4edhros's ghost
 13756 | D:9      | Noticed Joseph
 13760 | D:9      | Killed Joseph
 14051 | D:10     | Entered Level 10 of the Dungeon
 14113 | D:10     | Reached ***** piety under Vehumet
 14113 | D:10     | Offered knowledge of Throw Icicle by Vehumet.
 14251 | D:10     | Noticed a hill giant
 14259 | D:10     | Killed a hill giant
 14607 | D:10     | Killed an unseen horror
 14607 | D:10     | Reached skill level 5 in Dodging
 15000 | D:10     | Noticed a hill giant
 15004 | D:10     | Killed a hill giant
 15004 | D:10     | Reached skill level 12 in Spellcasting
 15158 | D:10     | Noticed a hill giant
 15164 | D:10     | Killed a hill giant
 15443 | D:11     | Noticed tscho's ghost (journeyman TrMo)
 15502 | D:11     | HP: 3/66 [worker ant (4)]
 15505 | D:11     | Killed tscho's ghost
 15962 | D:11     | Reached XP level 12. HP: 47/71 MP: 30/30
 16102 | D:11     | Found a staircase to the Orcish Mines.
 16110 | D:11     | Found an iron altar of Okawaru.
 16264 | D:11     | Reached skill level 10 in Poison Magic
 16378 | D:11     | Found a staircase to the Lair.
 16511 | Lair:1   | Entered Level 1 of the Lair of Beasts
 16732 | Lair:1   | Got a distressingly furry ring mail
 16743 | Lair:1   | Identified the +3 ring mail "Qoixeize" {SInv} (You found it on level 1 of the Lair of Beasts)
 16752 | Lair:1   | Reached skill level 13 in Spellcasting
 16950 | Lair:1   | You fall through a shaft!
 16956 | Lair:2   | Noticed a five-headed hydra
 16964 | Lair:2   | Killed a five-headed hydra
 17261 | Lair:1   | Noticed Prince Ribbit
 17273 | Lair:1   | Killed Prince Ribbit
 17273 | Lair:1   | Offered knowledge of Fireball by Vehumet.
 17285 | Lair:1   | Learned a level 5 spell: Fireball
 17476 | Lair:1   | Got a shimmering robe
 17487 | Lair:1   | Identified the +2 robe of Coleana {rF- Str+7 SInv} (You found it on level 1 of the Lair of Beasts)
 17544 | Lair:1   | Reached skill level 1 in Fire Magic
 17787 | Lair:2   | Found a staircase to the Swamp.
 18140 | Lair:2   | Noticed Fannar
 18153 | Lair:2   | Killed Fannar
 18546 | Lair:2   | Noticed a catoblepas
 18557 | Lair:2   | Killed a catoblepas
 18557 | Lair:2   | Reached skill level 5 in Fire Magic
 18903 | Lair:3   | Noticed a seven-headed hydra
 18994 | Lair:3   | Reached XP level 13. HP: 56/75 MP: 32/32
 19396 | Lair:3   | Found a hole to the Spider Nest.
 20178 | Lair:4   | Offered knowledge of Bolt of Draining by Vehumet.
 20310 | Lair:4   | Reached XP level 14. HP: 80/80 MP: 33/33
 21141 | Lair:4   | Reached skill level 10 in Fire Magic
 21192 | Lair:5   | Reached skill level 10 in Dodging
 21899 | Lair:5   | Found a viscous altar of Jiyva.
 21900 | Lair:5   | Found a staircase to the Slime Pits.
 22368 | Lair:5   | Learned a level 7 spell: Orb of Destruction
 22578 | Lair:6   | Entered Level 6 of the Lair of Beasts
 22587 | Lair:6   | Learned a level 5 spell: Bolt of Magma
 23326 | Lair:6   | Noticed an azure jelly
 23330 | Lair:6   | Killed an azure jelly
 23345 | Lair:6   | Reached skill level 14 in Spellcasting
 24035 | Lair:6   | Noticed an azure jelly
 24042 | Lair:6   | Slain by an azure jelly

Skill      XL: |  1  2  3  4  5  6  7  8  9 10 11 12 13 14 |
---------------+-------------------------------------------+-----
Spellcasting   | 4 5 6 7 9 11 12 13 14 | 14.5
Conjurations   | 5 6 7 8 10 11 12 13 | 13.5
Dodging        | 3 4 6 9 11 | 11.6
Fighting       | 1 2 3 4 6 |  6.4
Charms         | 4 8 10 | 10.4
Poison Magic   | 5 9 11 | 11.0
Fire Magic     | 5 9 10 | 10.6
Stealth        | |  2.4

Action                   |  1- 3 |  4- 6 |  7- 9 | 10-12 | 13-15 || total
-------------------------+-------+-------+-------+-------+-------++-------
Melee: Unarmed           |     1 |       |       |       |       ||     1
       Dagger            |     6 |     6 |       |       |       ||    12
       Trident           |       |       |     8 |     2 |       ||    10
 Cast: Magic Dart        |    63 |    86 |   190 |   353 |   219 ||   911
       Searing Ray       |    13 |    25 |    35 |    99 |    64 ||   236
       Iskenderun's Myst |       |       |     9 |     5 |       ||    14
       Throw Flame       |       |       |     2 |     2 |     3 ||     7
       Iskenderun's Batt |       |       |    15 |    95 |    76 ||   186
       Fulminant Prism   |       |       |     7 |    11 |       ||    18
       Olgreb's Toxic Ra |       |       |       |    37 |     3 ||    40
       Repel Missiles    |       |       |       |     1 |       ||     1
       Swiftness         |       |       |       |     2 |       ||     2
       Fireball          |       |       |       |       |     4 ||     4
       Bolt of Magma     |       |       |       |       |     3 ||     3
       Orb of Destructio |       |       |       |       |     1 ||     1
Evoke: Wand              |       |       |     6 |       |     1 ||     7
  Use: Scroll            |       |     6 |     8 |    10 |    11 ||    35
       Potion            |       |       |       |       |     1 ||     1
  Eat: Chunk             |     5 |     7 |    11 |    31 |    15 ||    69
       Meat ration       |       |     1 |     1 |       |       ||     2
       Bread ration      |       |       |       |     1 |       ||     1
       Beef jerky        |       |       |       |       |     1 ||     1
       Pizza             |       |       |       |       |     1 ||     1
Armor: Robe              |     1 |     2 |    20 |    28 |       ||    51
       Troll leather arm |       |       |       |     2 |       ||     2
       Ring mail         |       |       |       |    17 |    26 ||    43
Dodge: Dodged            |    10 |    15 |   100 |   190 |    60 ||   375
       Deflected         |       |       |       |     1 |     2 ||     3
